 Dungeon Crawl Stone Soup version 0.25.0-46-gbd7b0854d2 (webtiles) character file.

Game seed: 7811973610851362830

269 Ethylacetat the Gusty (level 6, -8/36 HPs)
             Began as an Octopode Air Elementalist on July 15, 2020.
             Mangled by wojtek's ghost (18 damage)
             ... on level 3 of the Dungeon.
             The game lasted 00:13:02 (3121 turns).

Ethylacetat the Gusty (Octopode Air Elementalist)   Turns: 3121, Time: 00:13:03

Health: -8/36      AC:  1    Str:  8    XL:     6   Next: 22%
Magic:  10/10      EV: 13    Int: 19    God:
Gold:   157        SH:  0    Dex: 12    Spells: 10/11 levels left

rFire    . . .     SeeInvis +   f - +0 dagger (speed)
rCold    . . .     Gourm    .   (no shield)
rNeg     . . .     Faith    .   (helmet restricted)
rPois    .         Spirit   .   h - amulet of magic regeneration
rElec    .         Reflect  .   e - ring of see invisible
rCorr    .         Harm     .   (no ring)
MR       .....                  (no ring)
Stlth    +++.......             (no ring)
HPRegen  0.12/turn              (no ring)
MPRegen  0.37/turn              (no ring)
                                (no ring)
                                (no ring)

@: no status effects
A: almost no armour, stealthy swim, amphibious, 8 rings, constrict 8, camouflage
1, gelatinous body 1
a: no special abilities


You were on level 3 of the Dungeon.
You were not hungry.

You visited 1 branch of the dungeon, and saw 3 of its levels.

You collected 157 gold pieces.

Inventory:

Hand Weapons
 f - a +0 dagger of speed (weapon)
Jewellery
 e - a ring of see invisible (left tentacle)
 h - an amulet of magic regeneration (around mantle)
Wands
 q - a wand of random effects (9)
Scrolls
 a - a scroll of amnesia {unknown}
 c - a scroll of enchant weapon {unknown}
 j - a scroll of remove curse {unknown}
 m - 2 scrolls of fear {unknown}
 r - a scroll of blinking {unknown}
Potions
 d - a potion of cancellation {unknown}
 g - a potion of might {unknown}
 i - 2 potions of curing {unknown}
 k - a potion of haste {unknown}
 n - a potion of brilliance {unknown}
 o - 2 potions of degeneration {unknown}
 p - a potion of mutation {unknown}
Comestibles
 b - 5 rations


   Skills:
 - Level 2.0 Dodging
 - Level 2.6 Stealth
 + Level 3.1 Spellcasting
 * Level 3.8 Conjurations
 * Level 4.8 Air Magic


You had 10 spell levels left.
You knew the following spells:

 Your Spells              Type           Power        Failure   Level  Hunger
a - Shock                 Conj/Air       ###.         2%          1    None

Your spell library contained the following spells:

 Spells                   Type           Power        Failure   Level  Hunger
 Static Discharge         Conj/Air       ###.....     8%          3    ###....
 Swiftness                Chrm/Air       ##......     9%          2    ##.....
 Airstrike                Air            ###.......   21%         4    ####...
 Lightning Bolt           Conj/Air       ###.......   56%         5    ######.


Dungeon Overview and Level Annotations

Branches:
Dungeon (3/15)

Altars:
Cheibriados
Trog
Wu Jian
Xom
The Shining One

Annotations:
D:3 wojtek's ghost, amateur MiFi


Innate Abilities, Weirdness & Mutations

You cannot wear most types of armour.
You are very stealthy in the water. (Stealth+)
You are amphibious.
You can wear up to eight rings at the same time.
You can use your tentacles to constrict eight enemies at once.
Your skin changes colour to match your surroundings (Stealth+).
Your rubbery body absorbs attacks. (AC +1, EV +1)


Message History

The zap hits wojtek's ghost.
Wojtek's ghost is moderately damaged.
Wojtek's ghost hits you!
Casting: Shock (safe; 2% risk of failure)
Confirm with . or Enter, or press ? or * to list all spells.
Aiming: Shock (safe; 2% risk of failure)
Press: ? - help, Shift-Dir - straight line The zap hits wojtek's ghost but does no damage.
Wojtek's ghost is moderately damaged.
The zap hits wojtek's ghost.
Wojtek's ghost is moderately damaged.
Wojtek's ghost hits you!
* * * LOW HITPOINT WARNING * * *
All of the chunks of flesh in your inventory have rotted away.
You see here a +0 short sword.
There is a stone staircase leading up here.
Wojtek's ghost shrieks, "I was like you once."
Wojtek's ghost hits you!!
Ouch! That really hurt!
You die...

#.# #.....##.#........#......#
##.# ########.#.#.#.#..###.#..##
#..# #.)................# #.##
#....##.#.#.#..#.#.# #.#
#.#####............# #.# #.#
#####.#.#.#..## #.# #.#
#.........# #)######
#.#############.#.#(. .>.....#
#...@W.........).....
..####.######.############.......
.## #......<.# ######## .#
########## ##


You could see wojtek's ghost.

Vanquished Creatures
  3 orc wizards (D:3)
  Terence (D:3)
  A hound skeleton (D:3)
  Robin (D:2)
  4 adders (D:3)
  3 worms
  2 dart slugs
  A leopard gecko (D:1)
  15 orcs (D:3)
  2 giant cockroaches
  4 hobgoblins
  3 ball pythons
  7 bats
  5 frilled lizards
  17 goblins
  6 kobolds
  8 rats
83 creatures vanquished.

Notes
Turn   | Place    | Note
-------+----------+-------------------------------------------
     0 | D:1      | Ethylacetat the Octopode Air Elementalist began the quest
                  | for the Orb.
     0 | D:1      | Reached XP level 1. HP: 11/11 MP: 3/3
   111 | D:1      | Reached XP level 2. HP: 17/17 MP: 0/5
   810 | D:2      | Reached XP level 3. HP: 20/21 MP: 3/6
   933 | D:2      | Noticed Robin
  1025 | D:2      | Killed Robin
  1222 | D:2      | Reached XP level 4. HP: 27/27 MP: 4/7
  1504 | D:3      | Reached skill level 4 in Air Magic
  1684 | D:3      | Reached XP level 5. HP: 25/31 MP: 4/9
  2239 | D:3      | Reached XP level 6. HP: 11/36 MP: 4/10
  2533 | D:3      | Found a runed translucent gate.
  2534 | D:3      | Found a runed translucent gate.
  2534 | D:3      | Found a runed translucent gate.
  2534 | D:3      | Noticed wojtek's ghost (amateur MiFi)
  2835 | D:3      | Found a bloodstained altar of Trog.
  2835 | D:3      | Found an ornate altar of the Wu Jian Council.
  2840 | D:3      | Noticed Terence
  2846 | D:3      | Killed Terence
  2854 | D:3      | Found a shimmering altar of Xom.
  2856 | D:3      | Found a snail-covered altar of Cheibriados.
  2858 | D:3      | Found a glowing golden altar of the Shining One.
  3121 | D:3      | Mangled by wojtek's ghost

Illustrated notes

Levels and vault maps discovered:
D:1:      saegor_arrival_simple_a, layout_rooms, minivault_5,
          grunt_decor_mini_mirrors, minivault_4, minivault_19
D:2:      layout_rooms, chequers_garden, uniq_robin
D:3:      layout_loops_ring, chequers_temple_overflow_minitemple,
          ebering_ghost_rock_garden, hangedman_decor_points,
          kennysheep_generic_room_10, uniq_terence

Skill      XL: |  1  2  3  4  5 |
---------------+----------------+-----
Conjurations   | 2 3 |  3.8
Air Magic      | 4 |  4.8
Spellcasting   | 3 |  3.1
Dodging        | |  2.0
Stealth        | |  2.6

Action                   |  1- 3 |  4- 6 || total
-------------------------+-------+-------++-------
Melee: Dagger            |    48 |    21 ||    69
       Constrict         |    12 |     6 ||    18
       Tentacles         |     5 |     2 ||     7
 Cast: Shock             |    48 |    83 ||   131
  Use: Scroll            |     2 |       ||     2
 Stab: Sleeping          |     4 |       ||     4
  Eat: Chunk             |     1 |     6 ||     7
Armor: Skin              |     9 |     2 ||    11
Dodge: Dodged            |    41 |    32 ||    73
